 Dungeon Crawl Stone Soup version 0.29-a0-892-g2c4c91d9db (webtiles) character file.

Game seed: 14721052266454503570

1910 Destapler the Trooper (level 9, -1/58 HPs)
             Began as a Gargoyle Berserker on July 22, 2022.
             Was a Priest of Trog.
             Killed from afar by a steam dragon (21 damage)
             ... with a ball of steam
             ... on level 6 of the Dungeon.
             The game lasted 00:16:54 (5138 turns).

Destapler the Trooper (Gargoyle Berserker)          Turns: 5138, Time: 00:16:55

Health: -1/58      AC: 13    Str: 22    XL:     9   Next: 16%
Magic:  9/9        EV: 16    Int:  9    God:    Trog [***...]
Gold:   209        SH:  0    Dex: 17    Spells: 8/8 levels left

rFire   . . .      SeeInvis .   a - +2 whip (venom)
rCold   . . .      Faith    .   (no shield)
rNeg    + . .      Spirit   .   t - +0 troll leather armour {Pargi}
rPois   ∞          Reflect  .   (no helmet)
rElec   +          Harm     .   u - +0 cloak
rCorr   .          Rampage  .   (no gloves)
Will    .....                   k - +0 pair of boots
Stlth   +++.......              (no amulet)
HPRegen 0.99/turn               A - +6 ring of dexterity
MPRegen 0.11/turn               o - +4 ring of evasion

@: on berserk cooldown, slowed, very slow
A: sickness immunity, AC +6, negative energy resistance 1, electricity
resistance, torment resistance 1, petrification resistance
a: Renounce Religion, Berserk, Trog's Hand


You were on level 6 of the Dungeon.
You worshipped Trog.
Trog was most pleased with you.
You visited 1 branch of the dungeon, and saw 6 of its levels.

You collected 209 gold pieces.

Inventory:

Hand Weapons
 a - a +2 whip of venom (weapon)
 b - a +3 short sword
 z - a +1 vorpal flail
Missiles
 y - 2 boomerangs (quivered)
Armour
 k - a +0 pair of boots (worn)
 q - a scarf of shadows
 t - a +0 troll leather armour (worn) {Pargi}
 u - a +0 cloak (worn)
Jewellery
 i - a ring of protection from cold
 o - a +4 ring of evasion (right hand)
 A - a +6 ring of dexterity (left hand)
Wands
 p - a wand of roots (4)
Scrolls
 c - 2 scrolls of enchant weapon {unknown}
 d - 4 scrolls of teleportation
 f - a scroll of brand weapon {unknown}
 h - 2 scrolls of identify
 l - a scroll of amnesia {unknown}
 n - a scroll of magic mapping {unknown}
 s - 2 scrolls of enchant armour
 v - 2 scrolls of poison {unknown}
Potions
 e - 2 potions of heal wounds
 g - a potion of attraction
 j - a potion of mutation {unknown}
 m - a potion of magic {unknown}
 r - 2 potions of curing {unknown}
 w - 2 potions of might
 x - a potion of brilliance {unknown}


   Skills:
 + Level 7.7 Fighting
 + Level 2.0 Short Blades
 + Level 7.4 Maces & Flails
 + Level 1.1 Throwing
 + Level 4.1 Armour
 - Level 2.0 Dodging
 + Level 5.1 Stealth
 + Level 1.9 Evocations


You had 8 spell levels left.
You didn't know any spells.
Your spell library contained the following spells:

 Spells                   Type           Power      Damage    Failure   Level
 Magic Dart               Conj           0%         1d3       43%         1
 Poisonous Vapours        Pois/Air       0%         N/A       56%         2
 Searing Ray              Conj           0%         2d4       56%         2
 Frozen Ramparts          Ice            0%         1d2       80%         3
 Corpse Rot               Necr/Pois/Air  0%         N/A       99%         4
 Fulminant Prism          Conj/Hex       0%         3d6       99%         4
 Ice Form                 Ice/Tmut       0%         N/A       99%         4
 Passage of Golubria      Tloc           0%         N/A       99%         4
 Summon Ice Beast         Ice/Summ       0%         N/A       99%         4
 Silence                  Hex/Air        0%         N/A       100%        5
 Lehudib's Crystal Spear  Conj/Erth      0%         10d2      100%        8


Dungeon Overview and Level Annotations

Branches:
Dungeon (6/15)
 Temple: D:4-7

Altars:
Gozag

Shops:
D:4 [


Innate Abilities, Weirdness & Mutations

You are immune to sickness and miasma.
Your stone body is resilient. (AC +6)
You are immune to poison.
You resist negative energy. (rN+)
You are resistant to electric shocks. (rElec)
You are resistant to unholy torment.
You are immune to petrification.


Message History

The orc priest shouts!
The hound closely misses you.
An orc wizard comes into view. It is wielding a +0 dagger.
A steam dragon comes into view.
The steam dragon hisses angrily.
You whack the hound!
The hound looks as sick as possible!
The hound is almost dead.
You kill the hound!
Trog accepts your kill.
An orc comes into view. It is wielding a +0 falchion.
A wight comes into view. It is wielding a +3 great sword.
Your Short Blades skill increases to level 2!
You hit the orc.
The orc is poisoned.
The orc is heavily wounded.
You hit the orc but do no damage.
The orc looks as sick as possible!
The orc is heavily wounded.
You kill the orc!
Trog accepts your kill. The steam dragon breathes steam at you.
The ball of steam hits the orc!
The orc dies!
The ball of steam hits you!
* * * LOW HITPOINT WARNING * * *
You feel a strong urge to attack something.
You are no longer berserk.
You are exhausted.
You feel yourself slow down. The steam dragon breathes steam at you.
The ball of steam hits you!
* * * LOW HITPOINT WARNING * * *
The orc priest miscasts a cantrip.
The steam dragon bites you!
* * * LOW HITPOINT WARNING * * *
The steam dragon claws you.
* * * LOW HITPOINT WARNING * * *
The steam dragon attacks as you move away!
The steam dragon misses you. The steam dragon barely misses you. x3
The steam dragon breathes steam at you. The ball of steam hits you!!
You die...

#....##z.#.#
#....###...#
#....###o..#
#......†.>.#
#.......#..###.#.
#.......#........
#.......#D####...#
#.......+.§..#...#
#.......#.#@.....#
#####.......#....#
#.....#.# ####
#.....#.#
#.....#[###.
#.....#.....
#......#..
#......#.#
###.#..#.#


You could see a steam dragon (catching breath).

Vanquished Creatures
  Prince Ribbit (D:5)
  Menkaure (D:4)
  A steam dragon (D:6)
  A water moccasin (D:5)
  A black bear (D:5)
  Pargi (D:3)
  2 centaurs (D:5)
  An ogre (D:5)
  A phantom (D:5)
  A necrophage (D:4)
  A bullfrog (D:6)
  3 scorpions
  3 hounds
  A jelly (D:4)
  3 orc priests
  Crazy Yiuf (D:4)
  2 iguanas
  8 gnolls
  6 adders
  An ufetubus (D:4)
  3 worms
  8 dart slugs
  20 orcs
  9 bats
  6 endoplasms
  4 giant cockroaches
  6 goblins
  6 hobgoblins
  2 jackals (D:3)
  5 kobolds
  7 ball pythons
  A frilled lizard (D:3)
  11 rats
128 creatures vanquished.

Vanquished Creatures (others)
  An orc (D:6)
  3 plants (D:3)
4 creatures vanquished.

Grand Total: 132 creatures vanquished

Notes
Turn   | Place    | Note
-------+----------+-------------------------------------------
     0 | D:1      | Destapler the Gargoyle Berserker began the quest for the
                  | Orb.
     0 | D:1      | Reached XP level 1. HP: 14/14 MP: 1/1
   455 | D:1      | Reached XP level 2. HP: 14/19 MP: 2/2
   653 | D:1      | Found a faded altar of an unknown god.
  1090 | D:2      | Reached skill level 1 in Stealth
  1232 | D:2      | Reached XP level 3. HP: 23/23 MP: 3/3
  1941 | D:3      | Reached XP level 4. HP: 25/29 MP: 4/4
  1942 | D:3      | Reached ** piety under Trog
  2415 | D:3      | Reached XP level 5. HP: 19/33 MP: 5/5
  2947 | D:3      | Noticed Pargi
  2954 | D:3      | Killed Pargi
  2955 | D:3      | Reached XP level 6. HP: 39/39 MP: 6/6
  3153 | D:4      | Found Weysiung's Armour Shop.
  3272 | D:4      | Noticed Menkaure
  3284 | D:4      | Killed Menkaure
  3285 | D:4      | Reached skill level 5 in Fighting
  3303 | D:4      | Reached skill level 5 in Maces & Flails
  3347 | D:4      | Reached XP level 7. HP: 44/44 MP: 7/7
  3522 | D:4      | Found a runed translucent door.
  3523 | D:4      | Noticed Crazy Yiuf
  3535 | D:4      | Killed Crazy Yiuf
  3887 | D:5      | Entered Level 5 of the Dungeon
  3895 | D:5      | Found an opulent altar of Gozag.
  4044 | D:5      | Reached XP level 8. HP: 47/52 MP: 8/8
  4304 | D:5      | Reached *** piety under Trog
  4348 | D:5      | Noticed Prince Ribbit
  4363 | D:5      | Killed Prince Ribbit
  4364 | D:5      | Reached skill level 1 in Short Blades
  4364 | D:5      | Reached skill level 1 in Evocations
  4555 | D:5      | Reached XP level 9. HP: 48/57 MP: 9/9
  5078 | D:6      | Reached skill level 5 in Stealth
  5112 | D:6      | Reached skill level 1 in Throwing
  5138 | D:6      | Killed from afar by a steam dragon

Illustrated notes

Levels and vault maps discovered:
D:1:      eino_arrival_cavern_a, layout_loops_ring, basic_ecumenical_altar,
          serial_glass, glass_columns_a, glass_columns_b
D:2:      layout_loops_ring
D:3:      layout_loops_ring, serial_bayou, serial_bayou_pond_d,
          serial_bayou_pond_b, serial_bayou_pond_e, serial_bayou_pond_e,
          serial_bayou_ford_a, serial_bayou_pond_b, grunt_ministairs_2,
          uniq_pargi
D:4:      layout_gridville, serial_shops, nicolae_shop_stone, uniq_menkaure,
          uniq_crazy_yiuf_cottage
D:5:      layout_basic, mainiacjoe_overflow_six_doors_small, uniq_prince_ribbit1
D:6:      layout_basic, st_stairs_1

Skill      XL: |  1  2  3  4  5  6  7  8  9 |
---------------+----------------------------+-----
Stealth        | 1 2 3 4 5 |  5.1
Dodging        | 2 |  2.0
Armour         | 3 4 |  4.1
Fighting       | 4 5 6 7 |  7.7
Maces & Flails | 4 5 6 7 |  7.4
Short Blades   | 1 2 |  2.0
Evocations     | 1 |  1.9
Throwing       | 1 |  1.1

Action                   |  1- 3 |  4- 6 |  7- 9 || total
-------------------------+-------+-------+-------++-------
Melee: Mace              |   111 |   116 |       ||   227
       Punch             |     1 |     2 |     3 ||     6
       Short sword       |       |    20 |    10 ||    30
       Whip              |       |    17 |   218 ||   235
Invok: Berserk           |     1 |     3 |     5 ||     9
       Trog's Hand       |       |     1 |       ||     1
  Use: Scroll            |       |     3 |     4 ||     7
 Stab: Sleeping          |     2 |     1 |     6 ||     9
Armor: Animal skin       |    45 |    78 |       ||   123
       Troll leather arm |       |    17 |    60 ||    77
Dodge: Dodged            |    81 |   138 |   132 ||   351

Table legend: (Time is in decaauts)
 A = Elapsed time spent in this place.
 B = Non-inter-level travel time spent in this place.
 C = Inter-level travel time spent in this place.
 D = Time resting spent in this place.
 E = Time spent auto-exploring this place.
 F = Levels seen in this place.
 G = Mean time per level.
                   A        B        C        D        E       F      G
               +--------+--------+--------+--------+--------+-----+--------+
         Total |   5252 |   5054 |    198 |    222 |   3733 |   6 |  875.3 |
       Dungeon |   5252 |   5054 |    198 |    222 |   3733 |   6 |  875.3 |
               +--------+--------+--------+--------+--------+-----+--------+

Top non-repeatable levels by time:
     D:3: 1414 daAuts
     D:5: 1084 daAuts
     D:1: 1018 daAuts
     D:4: 846 daAuts
     D:2: 735 daAuts
     D:6: 152 daAuts
